 Dungeon Crawl Stone Soup version 0.27-a0-951-gae3e1deef5 (webtiles) character file.

Game seed: 16268737733547483803

30 shoop the Charlatan (level 3, 0/49 HPs)
             Began as an Ogre Artificer on Apr 12, 2021.
             Was a Follower of Jiyva.
             Slain by a hobgoblin (4 damage)
             ... led by Robin
             ... on level 2 of the Dungeon.
             The game lasted 00:02:39 (1666 turns).

shoop the Charlatan (Ogre Artificer)                Turns: 1666, Time: 00:02:42

Health: 0/49       AC:  3    Str: 23    XL:     3   Next: 18%
Magic:  3/3        EV: 10    Int: 12    God:    Jiyva [*.....]
Gold:   0          SH:  0    Dex:  9    Spells: 2/2 levels left

rFire    . . .     SeeInvis .   j - +3 whip
rCold    . . .     Faith    .   (no shield)
rNeg     . . .     Spirit   .   b - +0 robe
rPois    .         Reflect  .   (helmet restricted)
rElec    .         Harm     .   (no cloak)
rCorr    .         Rampage  .   (gloves unavailable)
Will     .....                  (boots unavailable)
Stlth    ..........             (no amulet)
HPRegen  0.16/turn              k - +6 ring of strength
MPRegen  0.08/turn              (no ring)

@: berserking, very quick
A: large, unfitting armour, tough skin 1
a: Renounce Religion, Request Jelly


You were on level 2 of the Dungeon.
You worshipped Jiyva.
Jiyva was aware of your devotion.
You visited 1 branch of the dungeon, and saw 2 of its levels.

Inventory:

Hand Weapons
 a - a +0 club
 f - a +0 whip
 j - a +3 whip (weapon)
Missiles
 h - 20 poisoned darts
Armour
 b - a +0 robe (worn)
Jewellery
 k - a +6 ring of strength (left hand)
Wands
 c - a wand of flame (13) (quivered)
 d - a wand of charming (15)
 e - a wand of random effects (15)
Scrolls
 i - a scroll of identify {unknown}


   Skills:
 - Level 1.3 Fighting
 * Level 2.1 Maces & Flails
 + Level 1.1 Throwing
 - Level 2.1 Dodging
 - Level 0.6 Stealth
 - Level 2.4 Evocations


You had 2 spell levels left.
You didn't know any spells.
Your spell library was empty.

Dungeon Overview and Level Annotations

Branches:
Dungeon (2/15)

Altars:
Jiyva

Annotations:
D:2 Robin


Innate Abilities, Weirdness & Mutations

You are too large for most types of armour.
You have tough skin. (AC +1)


Message History

You hear a distant slurping noise.
You closely miss the goblin. The goblin hits you with a +0 club.
Robin hits you but does no damage.
You blink.
A hobgoblin comes into view.
Unknown command.
The hobgoblin shouts!
You hear a distant slurping noise.
Robin throws the goblin at you! The hobgoblin closely misses you.
You hear a distant slurping noise.
The hobgoblin closely misses you. x2
The hobgoblin hits you!
You hear a distant slurping noise.
The hobgoblin no longer looks unusually strong.
Robin throws the goblin at you! The goblin hits you with a +0 club.
The goblin hits you with a +0 dagger.
You whack the goblin!
You kill the goblin!
The hobgoblin closely misses you.
Robin roars a battlecry!
The hobgoblin goes into a battle-frenzy!
The goblin unwields a +0 dagger.
The goblin wields a +0 hunting sling.
The goblin shoots a stone.
The stone hits you. The goblin hits you with a +0 dagger.
* * * LOW HITPOINT WARNING * * *
You hit the hobgoblin but do no damage.
The goblin no longer looks unusually strong.
The hobgoblin hits you.
* * * LOW HITPOINT WARNING * * *
Robin says, "Duck!"
Robin throws the goblin at you! The hobgoblin hits you.
* * * LOW HITPOINT WARNING * * *
The goblin barely misses you.
Okay, then.
It was a potion of berserk rage.
A red film seems to cover your vision as you go berserk!
You feel yourself moving faster!
You feel mighty!
The goblin no longer looks unusually strong.
The hobgoblin no longer looks unusually strong.
The hobgoblin hits you.
You die...

#.......#
#.......#
##.......#
#........#
#........#
#.......g+
#......gg#
#....g.gg#
#.....gg@#
#.#.####g#
#)#.# #.# ####
#)#.####.#
...#
#.#.#....#
..)#
#.#...♣♣..
...# #$#..♣
♣♣♣ ..)#
#....♣
...#########.♣


You could see Robin, 3 hobgoblins and 5 goblins.

Vanquished Creatures
  A dart slug (D:1)
  2 ball pythons (D:1)
  A giant cockroach (D:1)
  2 hobgoblins (D:1)
  3 jackals (D:1)
  A kobold (D:1)
  A quokka (D:1)
  2 bats (D:1)
  A frilled lizard (D:1)
  8 goblins
  2 rats (D:1)
24 creatures vanquished.

Vanquished Creatures (others)
  A bat (D:1)
  An endoplasm (D:1)
  2 hobgoblins (D:1)
  6 jackals
  A quokka (D:1)
  2 ball pythons (D:1)
  A kobold (D:2)
  2 rats (D:1)
16 creatures vanquished.

Grand Total: 40 creatures vanquished

Notes
Turn   | Place    | Note
-------+----------+-------------------------------------------
     0 | D:1      | shoop the Ogre Artificer began the quest for the Orb.
     0 | D:1      | Reached XP level 1. HP: 19/19 MP: 1/1
   276 | D:1      | Found a faded altar of an unknown god.
   286 | D:1      | Reached skill level 1 in Maces & Flails
   297 | D:1      | Became a worshipper of Jiyva Jofecw the Shapeless
   297 | D:1      | Reached * piety under Jiyva
   394 | D:1      | Reached XP level 2. HP: 13/27 MP: 2/2
  1292 | D:1      | Reached skill level 1 in Throwing
  1649 | D:2      | Reached XP level 3. HP: 33/33 MP: 3/3
  1649 | D:2      | Noticed Robin
  1666 | D:2      | Slain by a hobgoblin

Illustrated notes

Levels and vault maps discovered:
D:1:      scummos_arrival_star, layout_basic, serial_aquarium,
          aquarium_bridge_square [aquarium_subvault_balcony,
          aquarium_subvault_bridge, aquarium_subvault_bridge,
          aquarium_subvault_bridge], aquarium_bridge_square
          [aquarium_subvault_bridge, aquarium_subvault_bridge,
          aquarium_subvault_bridge, aquarium_subvault_wall],
          aquarium_window_fake, aquarium_window_fake, aquarium_view_4,
          aquarium_view_2b, chequers_ecumenical_altar_simple_redux
D:2:      layout_basic, nrook_campfire, kennysheep_donut, st_stairs_5,
          uniq_jessica, uniq_robin, uniq_sigmund

Skill      XL: |  1  2  3 |
---------------+----------+-----
Maces & Flails | 1 2 |  2.1
Throwing       | 1 |  1.1
Fighting       | |  1.3
Dodging        | |  2.1
Stealth        | |  0.6
Evocations     | |  2.4

Action                   || total
-------------------------++-------
Melee: Whip              ||   115
Evoke: Wand              ||     2
  Use: Potion            ||     1
Armor: Robe              ||    43
Dodge: Dodged            ||    62

Table legend: (Time is in decaauts)
 A = Elapsed time spent in this place.
 B = Non-inter-level travel time spent in this place.
 C = Inter-level travel time spent in this place.
 D = Time resting spent in this place.
 E = Time spent auto-exploring this place.
 F = Levels seen in this place.
 G = Mean time per level.
                   A        B        C        D        E       F      G
               +--------+--------+--------+--------+--------+-----+--------+
         Total |   1669 |   1659 |     10 |      0 |   1446 |   2 |  834.5 |
       Dungeon |   1669 |   1659 |     10 |      0 |   1446 |   2 |  834.5 |
               +--------+--------+--------+--------+--------+-----+--------+

Top non-repeatable levels by time:
     D:1: 1580 daAuts
     D:2: 88 daAuts
